 Dungeon Crawl Stone Soup version 0.28-a0-439-g4cf4cd4993 (webtiles) character file.

Game seed: 8647938442377407105

44 Conn the Firebug (level 3, -4/21 HPs)
             Began as an Octopode Fire Elementalist on Sept 11, 2021.
             Slain by Sigmund (7 damage)
             ... on level 2 of the Dungeon.
             The game lasted 00:04:17 (1846 turns).

Conn the Firebug (Octopode Fire Elementalist)       Turns: 1846, Time: 00:04:18

Health: -4/21      AC:  1    Str:  7    XL:     3   Next: 60%
Magic:  4/6        EV: 13    Int: 18    God:
Gold:   38         SH:  0    Dex: 12    Spells: 5/6 levels left

rFire   . . .      SeeInvis .   c - +0 short sword
rCold   . . .      Faith    .   (no shield)
rNeg    . . .      Spirit   .   (helmet restricted)
rPois   .          Reflect  .   (no amulet)
rElec   .          Harm     .   (no ring)
rCorr   .          Rampage  .   (no ring)
Will    .....                   (no ring)
Stlth   +++.......              (no ring)
HPRegen 0.07/turn               (no ring)
MPRegen 0.10/turn               (no ring)
                                (no ring)
                                (no ring)

@: very slightly contaminated
A: almost no armour, amphibious, 8 rings, camouflage 1, gelatinous body 1,
(nimble swimmer 1), tentacles
a: no special abilities


You were on level 2 of the Dungeon.
You visited 1 branch of the dungeon, and saw 2 of its levels.

You collected 103 gold pieces.
You spent 65 gold pieces at shops.

Inventory:

Hand Weapons
 c - a +0 short sword (weapon)
Jewellery
 b - a ring of ice
Scrolls
 f - a scroll of amnesia {unknown}


   Skills:
 + Level 2.1 Dodging
 + Level 3.1 Stealth
 + Level 2.3 Spellcasting
 + Level 1.4 Conjurations
 + Level 3.8 Fire Magic


You had 5 spell levels left.
You knew the following spells:

 Your Spells              Type           Power      Damage    Failure   Level
a - Foxfire               Conj/Fire      44%        2x1d6     6%          1

Your spell library contained the following spells:

 Spells                   Type           Power      Damage    Failure   Level
 Scorch                   Fire           30%        2d7       5%          2
 Conjure Flame            Conj/Fire      11%        6-21      19%         3
 Inner Flame              Hex/Fire       9%         N/A       24%         3
 Slow                     Hex            2%         N/A       26%         2
 Confusing Touch          Hex            2%         N/A       45%         3
 Flame Wave               Conj/Fire      11%        3d4       52%         4
 Yara's Violent Unravell  Hex/Tmut       1%         3d3       99%         5


Dungeon Overview and Level Annotations

Branches:
Dungeon (2/15)

Altars:
Hepliaklqana

Shops:
D:1 !![[

Annotations:
D:2 Sigmund


Innate Abilities, Weirdness & Mutations

You cannot wear most types of armour.
You are amphibious.
You can wear up to eight rings at the same time.
Your skin changes colour to match your surroundings (Stealth+).
Your rubbery body absorbs attacks. (AC +1, EV +1)
((You are camouflaged near water. (Stealth+)))
You have tentacles for arms and can constrict up to eight enemies at once.


Message History

* * * LOW HITPOINT WARNING * * *
You close the door.
Sigmund opens the door.
You close the door.
You feel much better.
Sigmund opens the door.
You aren't carrying any potions.
Unknown command.
Unknown command.
Unknown command.
Unknown command.
Throw: 3 darts (poison)
Press: ? - help, Q - select action, (/) - cycle Shift-Dir - straight line, f/p - Sigmund
Aim: Sigmund, wielding a +1 scythe of freezing and wearing a +0 robe (heavily wounded, 52% to hit)
You throw a poisoned dart.
The poisoned dart barely misses Sigmund.
Sigmund closely misses you.
Throw: 2 darts (poison)
Press: ? - help, Q - select action, (/) - cycle Shift-Dir - straight line, f/p - Sigmund
Aim: Sigmund, wielding a +1 scythe of freezing and wearing a +0 robe (heavily wounded, 52% to hit)
You throw a poisoned dart.
The poisoned dart barely misses Sigmund.
Sigmund hits you from afar with a +1 scythe of freezing.
Sigmund freezes you.
Throw: dart (poison)
Press: ? - help, Q - select action, (/) - cycle Shift-Dir - straight line, f/p - Sigmund
Aim: Sigmund, wielding a +1 scythe of freezing and wearing a +0 robe (heavily wounded, 52% to hit)
You throw a poisoned dart.
The poisoned dart closely misses Sigmund.
Unknown command.
Unknown command.
Unknown command.
Casting: Foxfire (safe; 6% risk of failure)
Confirm with . or Enter, or press ? or * to list all spells.
You miscast Foxfire.
You are very lightly contaminated with residual magic.
Nothing appears to happen.
Sigmund hits you from afar with a +1 scythe of freezing!
Ouch! That really hurt!
* * * LOW HITPOINT WARNING * * *
Sigmund freezes you!
You die...

##...######
#.........#
.# # ####
#...#
#[........#
.. #...#
#.........#
#...#
#.........#
#...#
#.........#
#...#
#.........#
#...#
#.........#
#)........#
#...@.....#
######@####
#.# #w#
#####.###
#.......#
#.###.#.#
.(#.# ##(#
#


You could see Sigmund.

Vanquished Creatures
  A worm (D:2)
  4 ball pythons
  4 endoplasms
  4 giant cockroaches
  A goblin (D:2)
  4 jackals (D:2)
  2 quokkas
  3 bats
  3 frilled lizards
  7 kobolds
  5 rats
38 creatures vanquished.

Vanquished Creatures (others)
  73 foxfires
73 creatures vanquished.

Grand Total: 111 creatures vanquished

Notes
Turn   | Place    | Note
-------+----------+-------------------------------------------
     0 | D:1      | Conn the Octopode Fire Elementalist began the quest for the
                  | Orb.
     0 | D:1      | Reached XP level 1. HP: 11/11 MP: 3/3
   303 | D:1      | Found Xuschary's Armour Emporium.
   415 | D:1      | Found Vigaedgha's Distillery.
   437 | D:1      | Reached XP level 2. HP: 17/17 MP: 0/5
   538 | D:1      | Found a faded altar of an unknown god.
   780 | D:1      | Found Joloej's Distillery.
   783 | D:1      | Bought a potion of heal wounds for 65 gold pieces
   831 | D:1      | Found Fadiwike's Antique Armour Boutique.
  1105 | D:2      | Reached XP level 3. HP: 16/21 MP: 1/6
  1444 | D:2      | Found a hazy altar of Hepliaklqana.
  1824 | D:2      | Noticed Sigmund
  1846 | D:2      | Slain by Sigmund

Illustrated notes

Levels and vault maps discovered:
D:1:      scummos_arrival_simple_fountains, layout_basic,
          basic_ecumenical_altar, serial_shops, nicolae_square_shop,
          nicolae_diamond_shop, nicolae_lakefront_shop,
          nicolae_shop_window_shopping, serial_glass, glass_columns_b,
          glass_columns_c, feat_on_display, minivault_14,
          corexii_leaking_fountain
D:2:      layout_basic, basic_altar, uniq_sigmund

Skill      XL: |  1  2  3 |
---------------+----------+-----
Stealth        | 3 |  3.1
Dodging        | |  2.1
Spellcasting   | |  2.3
Conjurations   | |  1.4
Fire Magic     | |  3.8

Action                   || total
-------------------------++-------
Melee: Unarmed           ||     3
       Constrict         ||     7
       Short sword       ||    26
       Tentacles         ||     5
Throw: Dart              ||     7
 Cast: Foxfire           ||    44
  Use: Potion            ||     1
 Stab: Sleeping          ||     3
Armor: Skin              ||    10
Dodge: Dodged            ||    35

Table legend: (Time is in decaauts)
 A = Elapsed time spent in this place.
 B = Non-inter-level travel time spent in this place.
 C = Inter-level travel time spent in this place.
 D = Time resting spent in this place.
 E = Time spent auto-exploring this place.
 F = Levels seen in this place.
 G = Mean time per level.
                   A        B        C        D        E       F      G
               +--------+--------+--------+--------+--------+-----+--------+
         Total |   1847 |   1825 |     22 |      0 |   1392 |   2 |  923.5 |
       Dungeon |   1847 |   1825 |     22 |      0 |   1392 |   2 |  923.5 |
               +--------+--------+--------+--------+--------+-----+--------+

Top non-repeatable levels by time:
     D:1: 984 daAuts
     D:2: 863 daAuts
